 Dungeon Crawl Stone Soup version 0.26.1-11-gd32895ea62 (webtiles) character file.

Game seed: 8408291123129728481

1880 Tirrikindir the Carver (level 9, -5/59 HPs)
             Began as an Octopode Fighter on June 3, 2021.
             Was an Initiate of Gozag.
             Slain by a killer bee (10 damage)
             ... on level 7 of the Dungeon.
             The game lasted 00:13:57 (7698 turns).

Tirrikindir the Carver (Octopode Fighter)           Turns: 7698, Time: 00:13:58

Health: -5/59      AC:  1    Str: 16 (17) XL:     9   Next: 14%
Magic:  9/9        EV: 13    Int:  8 (10) God:    Gozag
Gold:   398        SH: 10    Dex: 13      Spells: 8/8 levels left

rFire    + . .     SeeInvis +   a - +2 long sword
rCold    + . .     Faith    .   b - +1 kite shield
rNeg     . . .     Spirit   .   (helmet restricted)
rPois    +         Reflect  .   (no amulet)
rElec    +         Harm     .   k - ring of see invisible
rCorr    +         Rampage  .   (no ring)
Will     .....                  (no ring)
Stlth    ++++......             (no ring)
HPRegen  0.19/turn              (no ring)
MPRegen  0.11/turn              (no ring)
                                (no ring)
                                (no ring)

@: resistant, gold aura, very slightly contaminated, invisible
A: almost no armour, stealthy swim, amphibious, 8 rings, constrict 8, tentacle
spike 1, camouflage 1, deterioration 1, sense surroundings 1, gelatinous body 1
a: Renounce Religion, Potion Petition, Call Merchant, Bribe Branch


You were on level 7 of the Dungeon.
You worshipped Gozag.
Gozag was aware of your devotion.
You visited 1 branch of the dungeon, and saw 7 of its levels.

You collected 785 gold pieces.
You paid 387 gold pieces to Gozag.

Inventory:

Hand Weapons
 a - a +2 long sword (weapon)
 m - a +0 rapier
Missiles
 p - 8 boomerangs (quivered)
Armour
 b - a +1 kite shield (worn)
Jewellery
 k - a ring of see invisible (left tentacle)
 q - an uncursed ring of fire
Wands
 e - a wand of flame (18)
 n - a wand of random effects (39)
Scrolls
 d - 6 scrolls of remove curse
 h - 2 scrolls of amnesia
 i - 3 scrolls of teleportation
 j - a scroll of magic mapping
 s - a scroll of fear
Potions
 f - a potion of lignification {unknown}
 g - a potion of resistance
 o - 2 potions of ambrosia {unknown}
 r - a potion of haste {unknown}


   Skills:
 + Level 4.5 Fighting
 * Level 8.5 Long Blades
 * Level 4.9 Dodging
 + Level 4.9 Stealth
 * Level 5.0 Shields
 + Level 2.9 Evocations


You had 8 spell levels left.
You didn't know any spells.
Your spell library contained the following spells:

 Spells                   Type           Power        Failure   Level
 Animate Skeleton         Necr           0%           85%         1
 Apportation              Tloc           0%           85%         1
 Corona                   Hex            0%           85%         1
 Pain                     Necr           0%           85%         1
 Summon Small Mammal      Summ           0%           85%         1
 Vampiric Draining        Necr           0%           99%         3
 Animate Dead             Necr           0%           100%        4
 Agony                    Necr           0%           100%        5


Dungeon Overview and Level Annotations

Branches:
Dungeon (7/15)             Temple (0/1) D:7

Altars:
Ashenzari
Cheibriados
Elyvilon
Fedhas
Gozag
Hepliaklqana
Qazlal
Sif Muna
Trog
Uskayaw
Wu Jian
The Shining One

Annotations:
D:2 exclusion: oklob plant
D:7 2 transporters, satrapis's ghost, novice GrBe


Innate Abilities, Weirdness & Mutations

You cannot wear most types of armour.
You are very stealthy in the water. (Stealth+)
You are amphibious.
You can wear up to eight rings at the same time.
You can use your tentacles to constrict eight enemies at once.
Your skin changes colour to match your surroundings (Stealth+).
Your rubbery body absorbs attacks. (AC +1, EV +1)
One of your tentacles bears a spike.
Your body sometimes deteriorates upon taking damage.
You passively map a small area around you.


Message History

Purchase which effect?
You no longer have enough gold to petition Gozag for potion effects.
You feel protected.
You fade into invisibility!
You constrict the killer bee.
You kill the killer bee!
The killer bee barely misses you. x2
You are very lightly contaminated with residual magic.
Your Shields skill increases to level 5!
The killer bee stings you.
* * * LOW HITPOINT WARNING * * *
You slash the killer bee! Your grab misses the killer bee.
The killer bee is almost dead.
You block the killer bee's attack. The killer bee stings you!
* * * LOW HITPOINT WARNING * * *
You miss the killer bee. Your grab misses the killer bee.
Your tentacle spike misses the killer bee.
The killer bee is almost dead.
The killer bee closely misses you. The killer bee stings you!
You die...
Your body crumbles into a pile of gold.

, , ,....###...# .. , # *
..y...#.⌠.#,...* ,# ,
......#...#.. # , .........
,# * * ,,#######....# ####
, , #.....#....# , <...
#.....#....######.... ,
#...y.#$............. *
,#...@.#y..#.......... ...
,, #......$©............ *
...
#+###.....#####......##+# *
.... #.......###gK(###....#
# ,.....#......##
#.....*#...# #
.....##'##..# ##..###
...#### *
#...).#.####≈#W###.##.##...
#.....#.#..##§$( #..#.##...
#.....#.#....._.##.©#.##...


You could see a big kobold and a killer bee.

Vanquished Creatures
  Sigmund (D:5)
  An orc warrior (D:7)
  A phantom (D:5)
  3 ogres
  2 scorpions
  2 water moccasin skeletons (D:6)
  3 killer bees (D:7)
  A howler monkey (D:7)
  4 hounds
  3 jellies
  An orc priest (D:4)
  2 bullfrog skeletons (D:5)
  A centaur skeleton (D:4)
  3 iguanas
  5 orc wizards
  5 worker ants
  4 gnolls (D:2)
  10 adders
  2 white imps
  An ufetubus (D:5)
  2 oozes
  2 adder skeletons (D:4)
  4 dart slugs
  3 leopard geckos
  14 orcs
  6 bats
  6 giant cockroaches
  6 goblins
  5 hobgoblins
  8 jackals
  3 quokkas
  6 frilled lizards
  A giant cockroach zombie (D:6)
  9 kobolds
  A leopard gecko skeleton (D:5)
  A leopard gecko zombie (D:5)
  8 rats
140 creatures vanquished.

Vanquished Creatures (others)
  14 fungi (D:2)
  19 plants (D:2)
33 creatures vanquished.

Grand Total: 173 creatures vanquished

Notes
Turn   | Place    | Note
-------+----------+-------------------------------------------
     0 | D:1      | Tirrikindir the Octopode Fighter began the quest for the
                  | Orb.
     0 | D:1      | Reached XP level 1. HP: 16/16 MP: 1/1
   162 | D:1      | Reached XP level 2. HP: 21/21 MP: 2/2
   316 | D:1      | Reached skill level 1 in Stealth
   735 | D:1      | Reached XP level 3. HP: 26/26 MP: 3/3
  1021 | D:2      | Reached skill level 3 in Long Blades
  1021 | D:2      | Reached XP level 4. HP: 20/31 MP: 4/4
  1184 | D:2      | Found a blossoming altar of Fedhas.
  1257 | D:2      | Noticed an oklob plant
  1626 | D:2      | Found a stormy altar of Qazlal.
  1823 | D:3      | Found an opulent altar of Gozag.
  1831 | D:3      | Became a worshipper of Gozag Ym Sagoz the Greedy
  1984 | D:3      | Reached XP level 5. HP: 36/36 MP: 5/5
  1994 | D:3      | Gained mutation: Your body sometimes deteriorates upon
                  | taking damage. [potion of mutation]
  1994 | D:3      | Gained mutation: You passively map a small area around you.
                  | [potion of mutation]
  1994 | D:3      | Gained mutation: One of your tentacles bears a spike.
                  | [potion of mutation]
  2357 | D:3      | Noticed an ogre
  2362 | D:3      | Killed an ogre
  2363 | D:3      | Reached XP level 6. HP: 43/43 MP: 6/6
  2926 | D:4      | Reached skill level 4 in Long Blades
  3365 | D:4      | Reached XP level 7. HP: 21/48 MP: 7/7
  3370 | D:4      | Reached skill level 5 in Long Blades
  3670 | D:4      | Found a blossoming altar of Fedhas.
  3688 | D:4      | Found a shimmering blue altar of Sif Muna.
  3692 | D:4      | Found a hide-covered altar of Uskayaw.
  3786 | D:4      | Found a hazy altar of Hepliaklqana.
  4334 | D:4      | Found an ornate altar of the Wu Jian Council.
  4507 | D:5      | Entered Level 5 of the Dungeon
  4577 | D:5      | Reached skill level 6 in Long Blades
  4743 | D:5      | Found a glowing golden altar of the Shining One.
  4743 | D:5      | Found a snail-covered altar of Cheibriados.
  4744 | D:5      | Found a bloodstained altar of Trog.
  4838 | D:5      | Noticed Sigmund
  4843 | D:5      | Killed Sigmund
  4844 | D:5      | Reached skill level 7 in Long Blades
  4844 | D:5      | Reached skill level 1 in Evocations
  4844 | D:5      | Reached XP level 8. HP: 30/54 MP: 8/8
  5311 | D:5      | Found a white marble altar of Elyvilon.
  5831 | D:6      | Reached skill level 8 in Long Blades
  6628 | D:6      | Found a broken altar of Ashenzari.
  6735 | D:6      | Found a shimmering blue altar of Sif Muna.
  6753 | D:6      | Identified Sif Muna's Tome of Evil
  7296 | D:7      | Reached XP level 9. HP: 32/59 MP: 9/9
  7614 | D:7      | Found a transporter.
  7619 | D:7      | Found a bloodstained altar of Trog.
  7619 | D:7      | Noticed satrapis's ghost (novice GrBe)
  7628 | D:7      | Noticed a moth of wrath
  7651 | D:7      | Noticed a two-headed ogre
  7652 | D:7      | Found a transporter.
  7673 | D:7      | Found a staircase to the Ecumenical Temple.
  7695 | D:7      | Reached skill level 5 in Shields
  7698 | D:7      | Slain by a killer bee

Illustrated notes

Levels and vault maps discovered:
D:1:      onia_arrival_mini_spirals, layout_loops_ring
D:2:      layout_basic, marbit_many_paths, tgw_fedhas
D:3:      layout_loops_corners, old_standard_altar,
          chequers_serial_rivers_large_b
D:4:      layout_basic, lemuel_round_altar, minmay_overflow_temple_star_quad,
          lemuel_crystal_altar
D:5:      layout_loops_ring, gammafunk_temple_overflow_claw, elyvilon_altar_1,
          uniq_sigmund
D:6:      layout_basic, old_standard_altar, led_sif_book
D:7:      layout_gridville, minmay_temple_entry_junction_2,
          gammafunk_ghost_wrathful_warriors, st_stairs_8

Skill      XL: |  1  2  3  4  5  6  7  8  9 |
---------------+----------------------------+-----
Stealth        | 1 2 4 |  4.9
Long Blades    | 3 4 7 8 |  8.5
Dodging        | 4 |  4.9
Shields        | 4 5 |  5.0
Fighting       | 4 |  4.5
Evocations     | 1 2 |  2.9

Action                   |  1- 3 |  4- 6 |  7- 9 || total
-------------------------+-------+-------+-------++-------
Melee: Long sword        |    41 |   112 |   161 ||   314
       Constrict         |    18 |    52 |    41 ||   111
       Tentacles         |    10 |    31 |    31 ||    72
       Kick              |       |    17 |    64 ||    81
Throw: Boomerang         |       |       |     1 ||     1
Invok: Potion Petition   |       |       |     1 ||     1
  Use: Scroll            |     3 |     9 |     7 ||    19
       Potion            |       |     2 |     3 ||     5
 Stab: Sleeping          |     9 |    13 |    13 ||    35
       Distracted        |       |     1 |     4 ||     5
Armor: Skin              |       |     3 |     2 ||     5
Dodge: Dodged            |    20 |    42 |    74 ||   136
Block: Kite shield       |    14 |    30 |    59 ||   103
       Rpst.: Long sword |     8 |    11 |    24 ||    43
